 Dungeon Crawl Stone Soup version 0.26.1 (webtiles) character file.

Game seed: 14302801882440657916

326 grovkorv the Cudgeller (level 6, -10/61 HPs)
             Began as a Troll Chaos Knight on Feb 6, 2021.
             Was a Plaything of Xom.
             Mangled by Sigmund the swamp dragon (glowing shapeshifter) (18 damage)
             ... on level 3 of the Dungeon.
             The game lasted 00:15:48 (2801 turns).

grovkorv the Cudgeller (Troll Chaos Knight)         Turns: 2801, Time: 00:15:48

Health: -10/61     AC:  8    Str: 21    XL:     6   Next: 24%
Magic:  4/4        EV: 10    Int:  8    God:    Xom [*.....]
Gold:   133        SH:  0    Dex: 11    Spells: 5/5 levels left

rFire    . . .     SeeInvis .   w - +2 hand axe (freeze)
rCold    . . .     Faith    .   (no shield)
rNeg     . . .     Spirit   .   b - +2 robe
rPois    .         Reflect  .   (helmet restricted)
rElec    .         Harm     .   (no cloak)
rCorr    .         Rampage  .   (gloves unavailable)
Will     .....                  (boots unavailable)
Stlth    +.........             (no amulet)
HPRegen  0.60/turn              (no ring)
MPRegen  0.09/turn              (no ring)

@: lethally poisoned (-10 -> -34)
A: large, unfitting armour, claws 3, low mp 1, regeneration 1, shaggy fur 1,
tough skin 3
a: Renounce Religion


You were on level 3 of the Dungeon.
You worshipped Xom.
You were a special plaything of Xom.
You visited 1 branch of the dungeon, and saw 3 of its levels.

You collected 133 gold pieces.

Inventory:

Hand Weapons
 a - a +0 mace of chaos
 j - a +0 hunting sling
 m - a +0 spear
 p - a +0 dagger
 v - a +0 fustibalus
 w - a +2 hand axe of freezing (weapon)
Missiles
 c - 59 arrows
 h - 8 stones
 q - 2 boomerangs (quivered)
Armour
 b - a +2 robe (worn)
 f - a +2 robe of willpower
Jewellery
 n - a +4 ring of protection {unknown}
 u - an uncursed amulet of guardian spirit {unknown}
Wands
 x - a wand of polymorph (6)
Scrolls
 d - 2 scrolls of noise
 k - 2 scrolls of teleportation {unknown}
 l - a scroll of identify {unknown}
 o - a scroll of enchant weapon {unknown}
Potions
 e - a potion of heal wounds {unknown}
 g - 2 potions of lignification {unknown}
 i - 2 potions of haste {unknown}
 r - a potion of mutation {unknown}
 s - 2 potions of degeneration {unknown}
 t - a potion of curing {unknown}


   Skills:
 * Level 3.4 Fighting
 * Level 0.1(2.5) Axes
 - Level 4.7 Maces & Flails
 * Level 1.1 Throwing
 - Level 0.5 Armour
 * Level 3.1 Dodging


You had 5 spell levels left.
You didn't know any spells.
Your spell library contained the following spells:

 Spells                   Type           Power        Failure   Level
 Magic Dart               Conj           0%           41%         1
 Searing Ray              Conj           0%           54%         2
 Dazzling Flash           Conj/Hex       0%           78%         3
 Fulminant Prism          Conj/Hex       0%           99%         4
 Iskenderun's Mystic Bla  Conj/Tloc      0%           99%         4


Dungeon Overview and Level Annotations

Branches:
Dungeon (3/15)

Altars:
Hepliaklqana
Makhleb
Qazlal
Vehumet
Wu Jian
Yredelemnul
Zin

Annotations:
D:3 Sigmund


Innate Abilities, Weirdness & Mutations

You are too large for most types of armour.
You have claws for hands.
Your natural rate of healing is unusually fast.
You are covered in fur. (AC +1)
You have extremely tough skin. (AC +3)
Your magical capacity is low. (-10% MP)


Message History

You hit Sigmund. You freeze Sigmund.
Sigmund is lightly wounded.
You are engulfed in poison gas.
You are more poisoned.
You feel very sick. Sigmund bites you! Sigmund claws you but does no damage.
Sigmund misses you.
You are engulfed in poison gas.
You are lethally poisoned!
You feel very sick. Sigmund bites you but does no damage. Sigmund claws you!
* * * LOW HITPOINT WARNING * * *
Sigmund closely misses you.
* * * LOW HITPOINT WARNING * * *
You feel very sick. Sigmund breathes poison at you.
The blast of poison misses you.
* * * LOW HITPOINT WARNING * * *
You feel very sick. Sigmund bites you!!
You die...
Xom cackles wildly!

.........##.....# #.......# #.#
...###...#......###.......# #.#
...# #...#.......##.......###.###
...# #....................+.....
...#####.#..#..#..#..#....###.###
...†..)÷...#..#..#..#............
...#####..#..#..#..#..........###
.### #.#..#.§#.D#..#........# .#
...#..#§@#○.#.........# .#
##....§○☼☼§)..........# .#
########§☼......####.# ##
########..# #†## ##.###..##
#..#..#[. ##...#...# ##..#...#..
##.#...#...#


You could see Sigmund the swamp dragon shaped shifter (catching breath).

Vanquished Creatures
  A phantom (D:3)
  An orc priest (D:3)
  2 orc wizards (D:3)
  Ijyb (D:3)
  5 adders
  An ooze (D:2)
  2 worms
  3 dart slugs
  2 leopard geckos
  6 orcs
  3 giant cockroaches
  6 hobgoblins
  A quokka (D:2)
  A ball python (D:2)
  9 bats
  2 frilled lizards
  10 goblins
  A goblin zombie (D:2)
  A jackal skeleton (D:2)
  7 kobolds
  A quokka zombie (D:3)
  3 rats
69 creatures vanquished.

Vanquished Creatures (others)
  A bat (D:2)
1 creature vanquished.

Grand Total: 70 creatures vanquished

Notes
Turn   | Place    | Note
-------+----------+-------------------------------------------
     0 | D:1      | grovkorv the Troll Chaos Knight began the quest for the
                  | Orb.
     0 | D:1      | Reached XP level 1. HP: 22/22 MP: 0/0
    20 | D:1      | Reached skill level 3 in Maces & Flails
    50 | D:1      | XOM: potion effect (haste)
    62 | D:1      | Reached XP level 2. HP: 29/29 MP: 1/1
   620 | D:2      | XOM: stealth player
   665 | D:2      | Reached XP level 3. HP: 36/36 MP: 2/2
   702 | D:2      | Found a glowing silver altar of Zin.
   791 | D:2      | XOM: silly message
   859 | D:2      | Noticed a human
   860 | D:2      | Found a runed translucent door.
   868 | D:2      | Found a basalt altar of Yredelemnul.
  1228 | D:2      | XOM: god gift: encrusted granite ring {god gift}
  1364 | D:2      | Reached XP level 4. HP: 44/44 MP: 3/3
  1676 | D:3      | Noticed Sigmund
  1886 | D:3      | Noticed a phantom
  1897 | D:3      | XOM: potion effect (might)
  1911 | D:3      | Killed a phantom
  1912 | D:3      | Reached skill level 4 in Maces & Flails
  1912 | D:3      | Reached XP level 5. HP: 37/53 MP: 4/4
  1940 | D:3      | XOM is BORED!
  1940 | D:3      | XOM: noise
  2131 | D:3      | XOM: divination: detect creatures
  2294 | D:3      | Found a radiant altar of Vehumet.
  2336 | D:3      | XOM: blink monster(s)
  2346 | D:3      | Reached skill level 1 in Throwing
  2346 | D:3      | Reached XP level 6. HP: 36/61 MP: 5/5
  2580 | D:3      | Found a stormy altar of Qazlal.
  2584 | D:3      | Found a hazy altar of Hepliaklqana.
  2584 | D:3      | Found a burning altar of Makhleb.
  2584 | D:3      | Found an ornate altar of the Wu Jian Council.
  2676 | D:3      | Found a stormy altar of Qazlal.
  2676 | D:3      | Noticed Ijyb
  2695 | D:3      | Killed Ijyb
  2756 | D:3      | XOM: silly message
  2787 | D:3      | Noticed Sigmund
  2787 | D:3      | Sigmund changed into Sigmund the howler monkey
  2787 | D:3      | XOM: polymorph Sigmund -> Sigmund the howler monkey
  2789 | D:3      | Noticed Sigmund
  2789 | D:3      | Sigmund the howler monkey changed into Sigmund the glowing
                  | shapeshifter
  2789 | D:3      | XOM: polymorph Sigmund the howler monkey -> Sigmund the
                  | glowing shapeshifter
  2789 | D:3      | Noticed Sigmund
  2789 | D:3      | Sigmund the glowing shapeshifter changed into Sigmund the
                  | shining eye
  2792 | D:3      | Gained mutation: Your magical capacity is low. (-10% MP)
                  | [Sigmund]
  2794 | D:3      | Noticed Sigmund
  2794 | D:3      | Sigmund the shining eye changed into Sigmund the swamp
                  | dragon
  2801 | D:3      | Mangled by Sigmund the swamp dragon (glowing shapeshifter)

Illustrated notes

Levels and vault maps discovered:
D:1:      eino_arrival_druids_welcome, layout_basic
D:2:      layout_basic, zin_treasury, dk_yredelemnul_ordeal
D:3:      layout_basic, nicolae_overflow_crystal_walls,
          grunt_temple_overflow_open, minmay_misc_feat_diagonals, hex_medium,
          nicolae_qazlal_eye_of_the_storm, uniq_ijyb, uniq_sigmund

Skill      XL: |  1  2  3  4  5  6 |
---------------+-------------------+-----
Maces & Flails | 3 4 |  4.7
Dodging        | 2 3 |  3.1
Fighting       | 3 |  3.4
Throwing       | 1 |  1.1
Axes           | |  0.1
Armour         | |  0.5

Action                   |  1- 3 |  4- 6 || total
-------------------------+-------+-------++-------
Melee: Mace              |   108 |   165 ||   273
       Hand axe          |       |    15 ||    15
       Unarmed           |       |     8 ||     8
Throw: Boomerang         |       |     6 ||     6
  Use: Scroll            |       |     1 ||     1
 Stab: Paralysed         |     1 |       ||     1
       Confused          |     1 |     1 ||     2
       Petrified         |       |     2 ||     2
Armor: Robe              |    67 |    71 ||   138
       Skin              |       |     1 ||     1
Dodge: Dodged            |    80 |    79 ||   159
